MLB
OAKLAND ATHLETICS @ SAN FRANCISCO GIANTS
08/10/2045
 
TOP OF THE 1ST
Oakland Athletics batting - Pitching for San Francisco Giants : RHP Keith Kidd
Pitching: RHP Keith Kidd
Batting: SHB Ryan Langlois 0-0: Called Strike
0-1: Ball
1-1: Ball
2-1: Ground out 6-3 (Groundball, 6M, EV 103.1 MPH)
Batting: RHB Sébastien Piat 0-0: Swinging Strike
0-1: Foul Ball, location: 2F
0-2: Ball
1-2: Strikes out swinging
Batting: LHB Sakae Kasahara 0-0: Foul Ball, location: 2F
0-1: Foul Ball, location: 2F
0-2: Strikes out looking
Top of the 1st over - 0 runs, 0 hits, 0 errors, 0 left on base; Oakland 0 - San Francisco 0
BOTTOM OF THE 1ST
San Francisco Giants batting - Pitching for Oakland Athletics : LHP Shelby Rich
Pitching: LHP Shelby Rich
Batting: RHB Nick Rigden 0-0: Bunt for hit to 2R - play at first, batter OUT! 2-3
Batting: SHB Ryan Doss 0-0: Called Strike
0-1: SINGLE (Line Drive, 9S, EV 98.1 MPH)
Batting: LHB Jack Henningar 0-0: Swinging Strike
0-1: Ball
Ryan Doss steals 2nd base
1-1: Called Strike
1-2: Foul Ball, location: 2F
1-2: Ball
2-2: DOUBLE (Line Drive, 5D, EV 96.9 MPH)
Ryan Doss scores
Batting: LHB Willis Robles 0-0: Ball
1-0: Called Strike
1-1: Swinging Strike
1-2: Strikes out swinging
Batting: RHB Sean Zielinski 0-0: Swinging Strike
0-1: Ball
1-1: Ground out 1-3 (Groundball, 15S, EV 66.2 MPH)
Bottom of the 1st over - 1 run, 2 hits, 0 errors, 1 left on base; Oakland 0 - San Francisco 1
TOP OF THE 2ND
Oakland Athletics batting - Pitching for San Francisco Giants : RHP Keith Kidd
Batting: RHB Ryan Kinkead 0-0: Called Strike
0-1: Ball
1-1: Fly out, F9 (Flyball, 89M, EV 82.5 MPH)
Batting: RHB Philip Jansen 0-0: Called Strike
0-1: Foul Ball, location: 2F
0-2: Fly out, F7 (Flyball, 7LS, EV 80.6 MPH)
Batting: RHB Jorge Bernal 0-0: Called Strike
0-1: Swinging Strike
0-2: Foul Ball, location: 2F
0-2: Foul Ball, location: 2F
0-2: Ball
1-2: Foul Ball, location: 2F
1-2: Ball
2-2: SINGLE (Line Drive, 8LS, EV 106.9 MPH)
Batting: RHB Danny Murillo 0-0: Ball
1-0: Ball
Jorge Bernal is caught stealing 2nd base 2-4
Top of the 2nd over - 0 runs, 1 hit, 0 errors, 0 left on base; Oakland 0 - San Francisco 1
BOTTOM OF THE 2ND
San Francisco Giants batting - Pitching for Oakland Athletics : LHP Shelby Rich
Batting: SHB Merrick Geter 0-0: Ball
1-0: Ball
2-0: Foul Ball, location: 2F
2-1: Foul Ball, location: 2F
2-2: Strikes out swinging
Batting: LHB John Blair 0-0: Called Strike
0-1: Ground out U3 (Groundball, 34, EV 106.9 MPH)
Batting: RHB Bobby Scholl 0-0: Ball
1-0: Swinging Strike
1-1: Ball
2-1: Reached on error, E6 (Groundball, 6, EV 94.4 MPH)
Batting: SHB Bill Dooms 0-0: Ball
1-0: Called Strike
1-1: Ball
2-1: Swinging Strike
2-2: Foul Ball, location: 2F
2-2: Ball
3-2: Reached on error, E2 (Groundball, 2R, EV 63.1 MPH)
Bobby Scholl scores
Batting: RHB Nick Rigden 0-0: Ball
1-0: Swinging Strike
1-1: Foul Ball, location: 2F
1-2: Foul Ball, location: 2F
1-2: Ball
2-2: 2-RUN HOME RUN (Flyball, 7D, EV 98.1 MPH), Distance : 390 ft
Batting: SHB Ryan Doss 0-0: Foul Ball, location: 2F
0-1: SOLO HOME RUN (Line Drive, 7D, EV 100.0 MPH), Distance : 380 ft
Batting: LHB Jack Henningar 0-0: Fly out, F8 (Flyball, 8LD, EV 108.8 MPH)
Bottom of the 2nd over - 4 runs, 2 hits, 2 errors, 0 left on base; Oakland 0 - San Francisco 5
TOP OF THE 3RD
Oakland Athletics batting - Pitching for San Francisco Giants : RHP Keith Kidd
Batting: RHB Danny Murillo 0-0: Swinging Strike
0-1: Ball
1-1: Foul Ball, location: 2F
1-2: Strikes out looking
Batting: RHB Robby Godwin 0-0: Ball
1-0: Foul Ball, location: 2F
1-1: Fly out, F5 (Popup, 56, EV 71.2 MPH)
Batting: RHB Ben Zeiler 0-0: SINGLE (Line Drive, 9S, EV 111.2 MPH)
Batting: SHB Ryan Langlois 0-0: Ball
1-0: Ball
2-0: Ball
3-0: Base on Balls
Ben Zeiler to second
Batting: RHB Sébastien Piat 0-0: Ball
1-0: Called Strike
1-1: Swinging Strike
1-2: Strikes out swinging
Top of the 3rd over - 0 runs, 1 hit, 0 errors, 2 left on base; Oakland 0 - San Francisco 5
BOTTOM OF THE 3RD
San Francisco Giants batting - Pitching for Oakland Athletics : LHP Shelby Rich
Batting: LHB Willis Robles 0-0: Called Strike
0-1: Foul Ball, location: 2F
0-2: Strikes out looking
Batting: RHB Sean Zielinski 0-0: Ground out U3 (Groundball, 34S, EV 81.9 MPH)
Batting: SHB Merrick Geter 0-0: Called Strike
0-1: Ball
1-1: Ground out 6-3 (Groundball, 6, EV 77.5 MPH)
Bottom of the 3rd over - 0 runs, 0 hits, 0 errors, 0 left on base; Oakland 0 - San Francisco 5
TOP OF THE 4TH
Oakland Athletics batting - Pitching for San Francisco Giants : RHP Keith Kidd
Batting: LHB Sakae Kasahara 0-0: Ball
1-0: Ground out U3 (Groundball, 3S, EV 84.4 MPH)
Batting: RHB Ryan Kinkead 0-0: Ball
1-0: Swinging Strike
1-1: Foul Ball, location: 2F
1-2: Ball
2-2: Strikes out swinging
Batting: RHB Philip Jansen 0-0: Called Strike
0-1: Ground out U3 (Groundball, 3, EV 103.1 MPH)
Top of the 4th over - 0 runs, 0 hits, 0 errors, 0 left on base; Oakland 0 - San Francisco 5
BOTTOM OF THE 4TH
San Francisco Giants batting - Pitching for Oakland Athletics : LHP Shelby Rich
Batting: LHB John Blair 0-0: Ball
1-0: Ground out 4-3 (Groundball, 34, EV 84.4 MPH)
Batting: RHB Bobby Scholl 0-0: Called Strike
0-1: Ball
1-1: Called Strike
1-2: Strikes out looking
Batting: SHB Bill Dooms 0-0: Ball
1-0: Ball
2-0: Ball
3-0: Called Strike
3-1: Base on Balls
Pitching: RHP Carlos Alaniz
Batting: RHB Nick Rigden 0-0: Ball
1-0: Ball
2-0: Ball
3-0: Base on Balls
Bill Dooms to second
Batting: SHB Ryan Doss 0-0: Called Strike
0-1: Foul Ball, location: 2F
0-2: Ball
1-2: Ball
2-2: Foul Ball, location: 2F
2-2: Foul Ball, location: 2F
2-2: Fielders Choice at 2nd, 6-4 (Groundball, 4M, EV 102.5 MPH)
Bottom of the 4th over - 0 runs, 0 hits, 0 errors, 2 left on base; Oakland 0 - San Francisco 5
TOP OF THE 5TH
Oakland Athletics batting - Pitching for San Francisco Giants : RHP Keith Kidd
Batting: RHB Jorge Bernal 0-0: SINGLE (Line Drive, 4D, EV 95.0 MPH)
Batting: RHB Danny Murillo 0-0: Called Strike
0-1: Swinging Strike
0-2: Ball
1-2: Foul Ball, location: 2F
1-2: Ball
2-2: Fielders Choice at 2nd, 5-4 (Groundball, 56S, EV 85.0 MPH)
Batting: RHB Robby Godwin 0-0: Ball
1-0: Ball
2-0: Foul Ball, location: 2F
2-1: Foul Ball, location: 2F
2-2: Ball
Passed Ball!
Danny Murillo to second
3-2: Base on Balls
Batting: RHB Ben Zeiler 0-0: Ball
1-0: Ball
2-0: Foul Ball, location: 2F
2-1: Foul Ball, location: 2F
2-2: Foul Ball, location: 2F
2-2: Strikes out looking
Batting: SHB Ryan Langlois 0-0: Ball
1-0: Called Strike
1-1: Called Strike
1-2: Foul Ball, location: 2F
1-2: Ball
2-2: Foul Ball, location: 2F
2-2: Foul Ball, location: 2F
2-2: Foul Ball, location: 2F
2-2: Strikes out swinging
Top of the 5th over - 0 runs, 1 hit, 0 errors, 2 left on base; Oakland 0 - San Francisco 5
BOTTOM OF THE 5TH
San Francisco Giants batting - Pitching for Oakland Athletics : RHP Carlos Alaniz
Batting: LHB Jack Henningar 0-0: Ball
1-0: Ball
2-0: Foul Ball, location: 2F
2-1: Swinging Strike
2-2: Ball
3-2: Base on Balls
Batting: LHB Willis Robles 0-0: Called Strike
0-1: Called Strike
0-2: Ball
Jack Henningar steals 2nd base
1-2: Strikes out swinging
Batting: RHB Sean Zielinski 0-0: Foul Ball, location: 2F
0-1: Swinging Strike
0-2: Foul Ball, location: 2F
0-2: Ground out 3-1 (Groundball, 34, EV 98.8 MPH)
Jack Henningar to third
Batting: SHB Merrick Geter 0-0: Ball
1-0: Ball
2-0: Fly out, F8 (Flyball, 8RD, EV 91.9 MPH)
Bottom of the 5th over - 0 runs, 0 hits, 0 errors, 1 left on base; Oakland 0 - San Francisco 5
TOP OF THE 6TH
Oakland Athletics batting - Pitching for San Francisco Giants : RHP Keith Kidd
Batting: RHB Sébastien Piat 0-0: Ball
1-0: Called Strike
1-1: Swinging Strike
1-2: Hit by Pitch
Batting: LHB Sakae Kasahara 0-0: Called Strike
0-1: Fly out, F4 (Flyball, 3D, EV 88.1 MPH)
Batting: RHB Ryan Kinkead 0-0: Called Strike
0-1: Called Strike
0-2: Ball
1-2: Foul Ball, location: 2F
1-2: Strikes out looking
Batting: RHB Philip Jansen 0-0: Called Strike
0-1: Called Strike
0-2: Ball
1-2: Strikes out swinging
Top of the 6th over - 0 runs, 0 hits, 0 errors, 1 left on base; Oakland 0 - San Francisco 5
BOTTOM OF THE 6TH
San Francisco Giants batting - Pitching for Oakland Athletics : RHP Carlos Alaniz
Batting: LHB John Blair 0-0: Foul Ball, location: 2F
0-1: Foul Ball, location: 2F
0-2: Ball
1-2: Ball
2-2: Ball
3-2: Base on Balls
Batting: RHB Bobby Scholl 0-0: Ball
1-0: Fly out, F8 (Flyball, 8LM, EV 91.2 MPH)
Batting: SHB Bill Dooms 0-0: Ball
1-0: Foul Ball, location: 2F
1-1: Ball
2-1: Foul Ball, location: 2F
2-2: Grounds into double play, 4-6-3 (Groundball, 13, EV 85.6 MPH)
Bottom of the 6th over - 0 runs, 0 hits, 0 errors, 0 left on base; Oakland 0 - San Francisco 5
TOP OF THE 7TH
Oakland Athletics batting - Pitching for San Francisco Giants : RHP Keith Kidd
Batting: RHB Jorge Bernal 0-0: Ball
1-0: Swinging Strike
1-1: Ball
2-1: Foul Ball, location: 2F
2-2: Foul Ball, location: 2F
2-2: Strikes out swinging
Batting: RHB Danny Murillo 0-0: Ground out 6-3 (Groundball, 6, EV 95.6 MPH)
Batting: RHB Robby Godwin 0-0: Ball
1-0: Called Strike
1-1: Called Strike
1-2: Ball
2-2: SINGLE (Line Drive, 9S, EV 111.2 MPH)
Batting: RHB Ben Zeiler 0-0: Called Strike
0-1: Called Strike
0-2: Fly out, F6 (Flyball, 56D, EV 89.4 MPH)
Top of the 7th over - 0 runs, 1 hit, 0 errors, 1 left on base; Oakland 0 - San Francisco 5
BOTTOM OF THE 7TH
San Francisco Giants batting - Pitching for Oakland Athletics : RHP Carlos Alaniz
Batting: RHB Nick Rigden 0-0: Ball
1-0: Ball
2-0: Foul Ball, location: 2F
2-1: Ball
3-1: Foul Ball, location: 2F
3-2: Base on Balls
Batting: SHB Ryan Doss 0-0: Called Strike
0-1: Ground out 6-3 (Groundball, 4, EV 100.0 MPH)
Nick Rigden to second
Batting: LHB Jack Henningar 0-0: Ball
1-0: 2-RUN HOME RUN (Flyball, 9D, EV 96.9 MPH), Distance : 374 ft
Pinch Hitting: LHB Willie Ceniceros 0-0: Called Strike
0-1: Foul Ball, location: 2F
0-2: Ball
1-2: Ball
2-2: SINGLE (Groundball, 3D, EV 110.6 MPH)
Pitching: RHP Mike Staley
Batting: RHB Sean Zielinski 0-0: Fly out, F4 (Popup, 34, EV 75.0 MPH)
Pinch Hitting: RHB Henri Cederberg 0-0: Ball
Wild Pitch!
Willie Ceniceros to second
1-0: Swinging Strike
1-1: Swinging Strike
1-2: Ball
2-2: Ball
3-2: Fly out, F8 (Flyball, 8LD, EV 100.6 MPH)
Bottom of the 7th over - 2 runs, 2 hits, 0 errors, 1 left on base; Oakland 0 - San Francisco 7
TOP OF THE 8TH
Oakland Athletics batting - Pitching for San Francisco Giants : RHP Keith Kidd
Now at 3B: Henri Cederberg
Now in LF: Willie Ceniceros
Batting: SHB Ryan Langlois 0-0: Foul Ball, location: 2F
0-1: Foul Ball, location: 2F
0-2: SINGLE (Groundball, 34D, EV 83.1 MPH) (infield hit)
Batting: RHB Sébastien Piat 0-0: Ball
1-0: Fielders Choice at 2nd, 4-6 (Groundball, 34, EV 81.9 MPH)
Pitching: LHP Tyler Stancil
Batting: RHB Muneo Kawachi 0-0: Called Strike
0-1: Ball
1-1: Swinging Strike
1-2: Ball
2-2: Strikes out swinging
Pinch Hitting: SHB Rich Muniz 0-0: Ball
1-0: Called Strike
1-1: Called Strike
1-2: SINGLE (Line Drive, 6M, EV 103.8 MPH)
Sébastien Piat to second
Batting: RHB Philip Jansen 0-0: Swinging Strike
0-1: Ball
1-1: Swinging Strike
1-2: Ball
2-2: Ball
3-2: Foul Ball, location: 2F
3-2: Foul Ball, location: 2F
3-2: Foul Ball, location: 2F
3-2: Foul Ball, location: 2F
3-2: Strikes out swinging
Top of the 8th over - 0 runs, 2 hits, 0 errors, 2 left on base; Oakland 0 - San Francisco 7
BOTTOM OF THE 8TH
San Francisco Giants batting - Pitching for Oakland Athletics : RHP Mike Staley
Now at 1B: Rich Muniz
Pinch Hitting: LHB Ryan Braden 0-0: Ball
1-0: Swinging Strike
1-1: Ball
2-1: Ball
3-1: Called Strike
3-2: Foul Ball, location: 2F
3-2: Base on Balls
Batting: RHB Bobby Scholl 0-0: Called Strike
0-1: SINGLE (Groundball, 6MS, EV 71.9 MPH) (infield hit)
Ryan Braden to second
Batting: SHB Bill Dooms 0-0: Swinging Strike
0-1: Foul Ball, location: 2F
0-2: Ball
1-2: SINGLE (Groundball, 25, EV 70.0 MPH) (infield hit)
Ryan Braden to third
Bobby Scholl to second
Batting: RHB Nick Rigden 0-0: Called Strike
0-1: Ball
1-1: Ball
2-1: SINGLE (Line Drive, 89S, EV 90.6 MPH)
Ryan Braden scores
Bobby Scholl to third
Bill Dooms to second
Runner from 3rd tries for Home, SAFE, throw by RF to home
Batting: SHB Ryan Doss 0-0: Ball
1-0: Ball
2-0: Ball
3-0: Base on Balls
Bill Dooms to third
Nick Rigden to second
Pitching: RHP Edgar Saldivar
Batting: LHB Jack Henningar 0-0: Foul Ball, location: 2F
0-1: Foul Ball, location: 2F
0-2: DOUBLE (Flyball, 89XD, EV 108.8 MPH)
Bill Dooms scores
Nick Rigden scores
Ryan Doss to third
Runner from 3rd tries for Home, SAFE, no throw by CF
Batting: LHB Willie Ceniceros 0-0: Ball
1-0: Ground out 2-3 (Groundball, 2R, EV 68.1 MPH)
Jack Henningar to third
Batting: RHB Sean Zielinski 0-0: Called Strike
0-1: Ground out 6-3 (Groundball, 6, EV 77.5 MPH)
Jack Henningar scores
Batting: RHB Henri Cederberg 0-0: DOUBLE (Line Drive, 78D, EV 102.5 MPH)
Batting: LHB Ryan Braden 0-0: Called Strike
0-1: Ball
1-1: Foul Ball, location: 2F
1-2: DOUBLE (Flyball, 8LXD, EV 109.4 MPH)
Henri Cederberg scores
Batting: RHB Bobby Scholl 0-0: Ball
1-0: Swinging Strike
1-1: Foul Ball, location: 2F
1-2: Ball
2-2: Ball
3-2: SINGLE (Groundball, 6MD, EV 100.6 MPH)
Ryan Braden to third
Runner from 3rd tries for Home, throw by CF and OUT! 8-2
Bottom of the 8th over - 7 runs, 7 hits, 0 errors, 1 left on base; Oakland 0 - San Francisco 14
TOP OF THE 9TH
Oakland Athletics batting - Pitching for San Francisco Giants : LHP Tyler Stancil
Now in RF: Ryan Braden
Batting: RHB Jorge Bernal 0-0: Ball
1-0: Ball
2-0: Ball
3-0: Base on Balls
Batting: RHB Danny Murillo 0-0: Ball
1-0: Called Strike
1-1: DOUBLE (Line Drive, 9LM, EV 92.5 MPH)
Jorge Bernal to third
Batting: RHB Robby Godwin 0-0: Foul Ball, location: 2F
0-1: Ball
1-1: Ball
2-1: Ground out U3 (Groundball, 34S, EV 83.8 MPH)
Jorge Bernal scores
Danny Murillo to third
Batting: RHB Ben Zeiler 0-0: Ball
1-0: Called Strike
1-1: Foul Ball, location: 2F
1-2: Ball
Wild Pitch!
Danny Murillo scores
2-2: Ball
3-2: Foul Ball, location: 2F
3-2: Strikes out swinging
Batting: SHB Ryan Langlois 0-0: Called Strike
0-1: Ball
1-1: Foul Ball, location: 2F
1-2: Foul Ball, location: 2F
1-2: Ball
2-2: Foul Ball, location: 2F
2-2: Foul Ball, location: 2F
2-2: Ball
3-2: SINGLE (Groundball, 34D, EV 106.2 MPH)
Batting: RHB Sébastien Piat 0-0: Ball
1-0: Called Strike
1-1: Called Strike
1-2: Ball
2-2: Ball
3-2: Ground out 4-3 (Groundball, 4, EV 100.0 MPH)
Top of the 9th over - 2 runs, 2 hits, 0 errors, 1 left on base; Oakland 2 - San Francisco 14
Wednesday, June 22nd , 2022 - OOTP Baseball 23.4 Build 64